 Dungeon Crawl Stone Soup version 0.17.2-1-ge4368a0 (webtiles) character file.

39 magog001 the Sneak (level 3, 0/27 HPs)
             Began as a Vampire Assassin on Oct 19, 2016.
             Slain by an adder (2 damage)
             ... on level 1 of the Dungeon.
             The game lasted 00:08:56 (1118 turns).

magog001 the Sneak (Vampire Assassin)               Turns: 1118, Time: 00:08:56

Health: 0/27       AC:  3    Str: 11    XL:     3   Next: 26%
Magic:  3/3        EV: 12    Int: 13    God:
Gold:   99         SH:  0    Dex: 15    Spells: 0 memorised, 2 levels left

rFire  . . .     SeeInvis +     a - +2 dagger
rCold  . . .     Clarity  .     c - +0 robe
rNeg   + . .     SustAt   .     (no shield)
rPois  .         Gourm    .     (no helmet)
rElec  .         Spirit   .     d - +0 cloak
rCorr  .         Warding  .     (no gloves)
rMut   .         Stasis   .     (no boots)
MR     .....                    (no amulet)
Stlth  ++++......               (no ring)
                                (no ring)

@: not resistant to hostile enchantments, stealthy
A: fangs 3, see invisible, unbreathing
a: Bat Form


You were on level 1 of the Dungeon.
You were not thirsty.

You visited 1 branch of the dungeon, and saw 2 of its levels.

You collected 99 gold pieces.

Inventory:

Hand Weapons
 a - a +2 dagger (weapon)
 b - a +0 blowgun
 m - a +2 antimagic spear
Missiles
 e - 2 poisoned needles
 f - 2 curare-tipped needles
Armour
 c - a +0 robe (worn)
 d - a +0 cloak (worn)
Jewellery
 r - a cursed ring of loudness {unknown}
Scrolls
 j - a scroll of recharging {unknown}
 k - a scroll of remove curse {unknown}
 p - a scroll of amnesia {unknown}
 q - 2 scrolls of identify {unknown}
 s - a scroll of random uselessness {unknown}
Potions
 g - 8 potions of blood
 h - 2 potions of curing
 i - a potion of ambrosia {unknown}
 l - a potion of might {unknown}
 n - a potion of brilliance {unknown}
 o - a potion of cancellation {unknown}


   Skills:
 * Level 1.8 Fighting
 + Level 2.1 Short Blades
 * Level 2.0 Throwing
 + Level 1.2 Dodging
 * Level 7.1 Stealth


You had 2 spell levels left.
You didn't know any spells.

Dungeon Overview and Level Annotations

Branches:
Dungeon (2/15)

Altars:
Okawaru
Yredelemnul


Innate Abilities, Weirdness & Mutations

You have razor-sharp teeth.
You have supernaturally acute eyesight.
You can survive without breathing.


Message History

You see here 2 stones.
An adder comes into view.
The adder misses you. The adder barely misses you.
There is a stone staircase leading up here.
The adder barely misses you.
You climb upwards.
There is a stone staircase leading down here.
The adder closely misses you. The adder closely misses you.
The adder barely misses you. The adder bites you.
* * * LOW HITPOINT WARNING * * *
The adder barely misses you. The adder closely misses you.
The adder closely misses you. The adder barely misses you. The adder bites you.
* * * LOW HITPOINT WARNING * * *
The adder bites you.
You die...

#....# #.## #.>..# #.#.
############## #....####.#.
.............#########....##...#.
..........................'......
############..#######.....##.#.##
#...........## #.######...##
#.#..........######'## ######
#.#..........S@.#%...# ########
###.#..........##.#....###.......
..#.#..........##.'.....##.#####.
#'#'#..........####.....##.#.###.
.....#########..#####'#.##.#.....
.....##...........##....##.#.....
.....##...........##..####.#####.
.....##...........##..# #...# #.
.....##...........##..######.####


You could see an adder.

Vanquished Creatures
  2 adders (D:2)
  3 hobgoblins
  2 ball pythons
  2 bats (D:1)
  2 giant geckos (D:1)
  A giant newt (D:1)
  2 goblins
  3 jackals (D:1)
  2 kobolds (D:2)
  3 rats
22 creatures vanquished.

Notes
Turn   | Place    | Note
--------------------------------------------------------------
     0 | D:1      | magog001 the Vampire Assassin began the quest for the Orb.
     0 | D:1      | Reached XP level 1. HP: 16/16 MP: 1/1
    38 | D:1      | Reached skill level 6 in Stealth
   384 | D:1      | Reached XP level 2. HP: 19/22 MP: 2/2
   741 | D:2      | Reached skill level 7 in Stealth
   783 | D:2      | Found a basalt altar of Yredelemnul.
   797 | D:2      | Reached XP level 3. HP: 20/27 MP: 3/3
  1019 | D:2      | Found an iron altar of Okawaru.
  1043 | D:2      | HP: 1/27 [gnoll/stone (7)]
  1118 | D:1      | Slain by an adder

Action                   || total
-------------------------++-------
Melee: Dagger            ||    11
 Fire: Blowgun           ||    40
  Use: Potion            ||     1
 Stab: Sleeping          ||    13
